Admirals vs Moose
Created - January 16, 2022 at 19:07
Goals
|
Admirals |
1 |
3 |
0 |
0 |
0 |
4 |
Moose |
2 |
1 |
1 |
0 |
1 |
5 |
|
Shots
|
Admirals |
11 |
13 |
10 |
2 |
3 |
36 |
Moose |
9 |
13 |
11 |
2 |
3 |
35 |
|
1st period
1. Admirals , Nicolas Kerdiles 16 (Olli Juolevi 2, Anton Gustafsson 9) at 3:27 (PP)
2. Moose , Michael McLeod 4 (Jeremy Bracco 4, Troy Stetcher 17) at 12:17
3. Moose , Nikolay Goldobin 7 (Matthew Benning 6, Miro Aaltonen 15) at 14:13
Penalties :
Sami Niku (Man) for Hooking (Minor) at 1:37
2nd period
4. Admirals , Nicolas Kerdiles 17 (Anton Gustafsson 10) at 1:36
5. Admirals , Josh Morrissey 2 (Anton Gustafsson 11, Nicolas Kerdiles 11) at 5:23
6. Moose , Michael McLeod 5 (Jeremy Bracco 5, Rem Pitlick 2) at 9:33
7. Admirals , Kasper Bjorkqvist 5 (Hunter Shinkaruk 4, Lucas Wallmark 5) at 17:29
Penalties :
No Penalty
3rd period
8. Moose , Jeremy Bracco 4 (Michael McLeod 4, Ludwig Bystrom 6) at 11:57
Penalties :
Nicolas Kerdiles (Mil) for Holding (Minor) at 15:08
Overtime #1
No Goal
Penalties :
No Penalty
Shootout
Admirals, Anton Gustafsson - Shot Misses the Net
Moose, Nikolay Goldobin - Stopped by Felix Sanstrom
Admirals, Nicolas Kerdiles - Stopped by Filip Gustavsson
Moose, Miro Aaltonen - Shot Misses the Net
Admirals, Blake Geoffrion - Stopped by Filip Gustavsson
Moose, Michael McLeod - Goal!
Penalties :
No Penalty
Goalie Stats
Felix Sanstrom (Mil), 31 saves from 35 shots - (0.886), OTL, 3-2-1, 65:00 minutes
Filip Gustavsson (Man), 32 saves from 36 shots - (0.889), W, 6-4-0, 65:00 minutes
Players Stats for Admirals
Player Name G A P +/- PIM S H SB GA TA FO MP PP MP PK MP
------------------------------------------------------------------------------------
Andreas Englund 0 0 0 0 0 0 0 1 0 1 0/0 18:13 0:00 1:09
Anton Gustafsson 0 3 3 2 0 5 0 1 1 0 14/27 22:18 0:28 0:50
Blake Geoffrion 0 0 0 -1 0 1 2 0 0 0 1/1 16:53 1:22 0:58
Brett Connolly 0 0 0 -1 0 1 0 0 0 0 0/0 8:29 0:00 0:00
Christian Djoos 0 0 0 0 0 0 0 0 0 0 0/0 6:24 0:00 0:00
Freddie Hamilton 0 0 0 -1 0 2 0 0 0 0 0/0 9:07 0:00 0:11
Hunter Shinkaruk 0 1 1 -1 0 3 0 1 0 0 0/0 13:55 0:00 0:50
Joel Armia 0 0 0 2 0 2 0 2 0 0 1/1 21:52 0:28 0:00
Josh Morrissey 1 0 1 0 0 5 2 4 0 1 0/0 26:39 1:42 1:09
Kasper Bjorkqvist 1 0 1 -1 0 2 1 0 0 0 2/2 14:59 0:00 0:00
Lucas Wallmark 0 1 1 -1 0 1 1 0 0 2 1/3 13:05 0:00 0:00
Mark McNeill 0 0 0 -1 0 5 2 0 0 0 0/0 15:38 1:22 0:00
Markus Granlund 0 0 0 -1 0 2 1 1 0 0 5/11 18:35 1:22 0:58
Mattias Backman 0 0 0 0 0 0 0 1 0 1 0/0 20:29 0:00 0:50
Nicolas Deslauriers 0 0 0 -1 0 1 2 0 0 0 0/0 10:13 0:00 0:11
Nicolas Kerdiles 2 1 3 2 2 5 5 0 1 2 1/2 22:56 0:28 0:00
Olli Juolevi 0 1 1 -1 0 0 0 0 0 0 0/0 11:32 0:08 0:00
T.J Brodie 0 0 0 -1 0 1 1 3 2 0 0/0 14:57 0:08 0:50
Travis Dermott 0 0 0 0 0 0 2 1 0 0 0/0 25:26 1:42 0:00
Trevor Van Riemsdyk 0 0 0 0 0 0 0 0 0 0 0/0 6:20 0:00 0:00
Players Stats for Moose
Player Name G A P +/- PIM S H SB GA TA FO MP PP MP PK MP
------------------------------------------------------------------------------------
Carl Grundstrom 0 0 0 0 0 0 1 0 1 0 0/0 9:03 0:00 0:00
Dominik Kahun 0 0 0 -2 0 3 1 0 0 0 8/19 21:57 1:00 0:00
Erik Cernak 0 0 0 2 0 1 2 3 0 1 0/0 24:55 0:51 0:48
Frank Vatrano 0 0 0 0 0 2 11 1 2 0 0/2 19:40 0:56 1:25
Iiro Pakarinen 0 0 0 -2 0 1 2 1 0 0 0/0 22:02 1:00 0:00
Jeremy Bracco 1 2 3 3 0 2 0 0 0 0 0/0 12:09 0:00 0:00
Ludwig Bystrom 0 1 1 2 0 4 0 0 0 0 0/0 24:16 0:51 1:02
Matthew Benning 0 1 1 -1 0 3 2 1 0 1 0/0 16:32 0:00 0:00
Michael McLeod 2 1 3 3 0 3 1 1 1 0 2/3 11:49 0:00 0:00
Miro Aaltonen 0 1 1 0 0 3 0 0 0 0 9/17 18:53 0:59 0:25
Nathan Walker 0 0 0 -2 0 4 2 0 0 1 2/3 22:06 0:59 0:25
Nikolay Goldobin 1 0 1 0 0 2 1 0 1 0 0/1 18:20 1:00 1:25
Oskar Lindblom 0 0 0 0 0 1 0 0 0 0 0/0 9:26 0:00 0:00
Pierre-Luc Dubois 0 0 0 3 0 1 0 0 0 0 1/2 13:42 0:03 0:00
Rem Pitlick 0 1 1 0 0 2 0 0 1 0 0/0 9:03 0:00 0:00
Sami Niku 0 0 0 -1 2 0 0 2 0 1 0/0 15:10 0:00 0:00
Troy Stetcher 0 1 1 0 0 0 2 2 1 0 0/0 25:33 1:08 0:48
Vladislav Gavrikov 0 0 0 0 0 3 0 0 0 0 0/0 23:33 1:08 1:02
3 Stars
1 - Michael McLeod (Man)
2 - Nicolas Kerdiles (Mil)
3 - Jeremy Bracco (Man)
Power Play
Admirals - 1 on 1 Attempt(s) - 100.00%
Moose - 0 on 1 Attempt(s) - 0.00%
Penalty Kill
Admirals - 1 on 1 Attempt(s) - 100.00%
- Score 0 goal in Penalty Kill
Moose - 0 on 1 Attempt(s) - 0.00%
- Score 0 goal in Penalty Kill
Team Stat
Admirals - Hits : 19 - Faceoff Wins : 25 - Blocked Shots : 15 - Penalty Minutes : 2
Moose - Hits : 25 - Faceoff Wins : 22 - Blocked Shots : 11 - Penalty Minutes : 2
Official
Referees : Jacob Brenk and Brian Pochmara
Linesman : Ryan Daisy and Kory Nagy
Game Notes
No Game Note
Finance
Level 1 -- Attendance: 1708 (85.40%) -- Ticket Income $59,780
Level 2 -- Attendance: 904 (90.40%) -- Ticket Income $13,560
Total Attendance: 2612 (87.07%)
Total Ticket Income: $73,340
Other Income: $3,667
Total Income: $77,007
Admirals
5 vs 5 Forward
Center Left Wing Right Wing Time % Phy DF OF
1 Anton Gustafsson Nicolas Kerdiles Joel Armia 40 1 2 2
2 Markus Granlund Blake Geoffrion Mark McNeill 30 1 2 2
3 Lucas Wallmark Hunter Shinkaruk Kasper Bjorkqvist 20 1 2 2
4 Freddie Hamilton Nicolas Deslauriers Brett Connolly 10 1 2 2
5 vs 5 Defense
Defense Defense Time % Phy DF OF
1 Josh Morrissey Travis Dermott 40 1 2 2
2 Andreas Englund Mattias Backman 30 1 2 2
3 T.J Brodie Olli Juolevi 20 1 2 2
4 Christian Djoos Trevor Van Riemsdyk 10 1 2 2
PowerPlay Forward
Center Left Wing Right Wing Time % Phy DF OF
1 Anton Gustafsson Nicolas Kerdiles Joel Armia 60 1 1 3
2 Markus Granlund Blake Geoffrion Mark McNeill 40 1 1 3
PowerPlay Defense
Defense Defense Time % Phy DF OF
1 Josh Morrissey Travis Dermott 60 1 2 2
2 T.J Brodie Olli Juolevi 40 1 2 2
Penalty Kill 4 Players Forward
Center Wing Time % Phy DF OF
1 Markus Granlund Nicolas Kerdiles 60 1 2 2
2 Mark McNeill Nicolas Deslauriers 40 1 2 2
Penalty Kill 4 Players Defense
Defense Defense Time % Phy DF OF
1 Andreas Englund Josh Morrissey 60 1 3 1
2 T.J Brodie Mattias Backman 40 1 3 1
Penalty Kill - 3 Players Forward
Forward Time % Phy DF OF
1 Mark McNeill 60 1 2 2
2 Anton Gustafsson 40 1 2 2
Penalty Kill - 3 Players Defense
Defense Defense Time % Phy DF OF
1 Andreas Englund Josh Morrissey 60 1 3 1
2 T.J Brodie Mattias Backman 40 1 3 1
4 vs 4 Forward
Center Wing Time % Phy DF OF
1 Markus Granlund Nicolas Kerdiles 60 1 2 2
2 Anton Gustafsson Joel Armia 40 1 2 2
4 vs 4 Defense
Defense Defense Time % Phy DF OF
1 Josh Morrissey Travis Dermott 60 1 2 2
2 T.J Brodie Mattias Backman 40 1 2 2
Last Minutes Offensive
Center Left Wing Right Wing Defense Defense
Anton Gustafsson Nicolas Kerdiles Joel Armia Josh Morrissey T.J Brodie
Last Minutes Defensive
Center Left Wing Right Wing Defense Defense
Lucas Wallmark Nicolas Kerdiles Mark McNeill Josh Morrissey T.J Brodie
Goaltenders
Starting : Felix Sanstrom
Backup : Tristan Jarry
Extra Forwards
Normal : Nicolas Deslauriers, Kasper Bjorkqvist, Freddie Hamilton - PP : Hunter Shinkaruk, Kasper Bjorkqvist - PK : Markus Granlund
Extra Defensemen
Normal : Mattias Backman, Christian Djoos, Trevor Van Riemsdyk - PP : Mattias Backman - PK : Mattias Backman, Trevor Van Riemsdyk
Penalty Shots
Anton Gustafsson, Nicolas Kerdiles, Blake Geoffrion, Nicolas Deslauriers, Mark McNeill
Scratches
Adam Almquist (Healthy), Alexandre Mallet (Healthy), Carl Dahlstrom (Healthy), Filip Chlapik (Healthy), Josh Wesley (Healthy)
Mark MacMillan (Healthy), Riley Barber (Healthy), Ryan Olsen (Healthy), Sergei Zborovskiy (Healthy), Stanislav Galiev (Healthy)
Troy Bourke (Healthy), Carsen Twarynski (Healthy), Libor Hajek (Healthy), Linus Ullmark (Healthy)
Moose
5 vs 5 Forward
Center Left Wing Right Wing Time % Phy DF OF
1 Dominik Kahun Nathan Walker Iiro Pakarinen 35 1 1 3
2 Miro Aaltonen Nikolay Goldobin Frank Vatrano 30 1 1 3
3 Michael McLeod Pierre-Luc Dubois Jeremy Bracco 20 1 2 2
4 Rem Pitlick Oskar Lindblom Carl Grundstrom 15 1 2 2
5 vs 5 Defense
Defense Defense Time % Phy DF OF
1 Troy Stetcher Vladislav Gavrikov 40 1 2 2
2 Ludwig Bystrom Erik Cernak 35 1 2 2
3 Sami Niku Matthew Benning 25 1 2 2
4 Erik Cernak Troy Stetcher 0 1 2 2
PowerPlay Forward
Center Left Wing Right Wing Time % Phy DF OF
1 Miro Aaltonen Nathan Walker Frank Vatrano 60 0 0 5
2 Dominik Kahun Nikolay Goldobin Iiro Pakarinen 40 0 0 5
PowerPlay Defense
Defense Defense Time % Phy DF OF
1 Vladislav Gavrikov Troy Stetcher 60 0 1 4
2 Ludwig Bystrom Erik Cernak 40 0 1 4
Penalty Kill 4 Players Forward
Center Wing Time % Phy DF OF
1 Nikolay Goldobin Frank Vatrano 60 0 4 1
2 Miro Aaltonen Nathan Walker 40 0 4 1
Penalty Kill 4 Players Defense
Defense Defense Time % Phy DF OF
1 Erik Cernak Troy Stetcher 60 0 5 0
2 Ludwig Bystrom Vladislav Gavrikov 40 0 5 0
Penalty Kill - 3 Players Forward
Forward Time % Phy DF OF
1 Frank Vatrano 60 0 4 1
2 Nikolay Goldobin 40 0 4 1
Penalty Kill - 3 Players Defense
Defense Defense Time % Phy DF OF
1 Ludwig Bystrom Erik Cernak 60 0 5 0
2 Troy Stetcher Vladislav Gavrikov 40 0 5 0
4 vs 4 Forward
Center Wing Time % Phy DF OF
1 Dominik Kahun Iiro Pakarinen 60 1 2 2
2 Miro Aaltonen Nathan Walker 40 1 2 2
4 vs 4 Defense
Defense Defense Time % Phy DF OF
1 Erik Cernak Troy Stetcher 60 1 2 2
2 Ludwig Bystrom Matthew Benning 40 1 2 2
Last Minutes Offensive
Center Left Wing Right Wing Defense Defense
Miro Aaltonen Nikolay Goldobin Iiro Pakarinen Ludwig Bystrom Troy Stetcher
Last Minutes Defensive
Center Left Wing Right Wing Defense Defense
Miro Aaltonen Nathan Walker Frank Vatrano Ludwig Bystrom Troy Stetcher
Goaltenders
Starting : Filip Gustavsson
Backup : Emil Larmi
Extra Forwards
Normal : Nathan Walker, Pierre-Luc Dubois, Frank Vatrano - PP : Nathan Walker, Pierre-Luc Dubois - PK : Iiro Pakarinen
Extra Defensemen
Normal : Erik Cernak, Troy Stetcher, Matthew Benning - PP : Ludwig Bystrom - PK : Erik Cernak, Ludwig Bystrom
Penalty Shots
Nikolay Goldobin, Miro Aaltonen, Michael McLeod, Nathan Walker, Rem Pitlick
Scratches
Chase De Leo (Healthy), David Kase (Healthy), Jesse Graham (Healthy), Mirco Mueller (Strained Back Injury), Mitchell Stephens (Healthy)
Julien Gauthier (Healthy), Trevor Moore (Healthy), Josh Mahura (Healthy), Max Jones (Healthy), Nathan Bastian (Healthy)
Tim Gettinger (Healthy), Joey Daccord (Healthy), Magnus Hellberg (Healthy)
% Time on Ice - Admirals
Lines # - Real PCT - Wanted PCT - Time Play
Normal Forward
1 - 37% - 40% - 20:43
2 - 26% - 30% - 14:22
3 - 23% - 20% - 13:05
4 - 14% - 10% - 8:01
Normal Defense
1 - 38% - 40% - 21:20
2 - 30% - 30% - 17:07
3 - 20% - 20% - 11:24
4 - 11% - 10% - 6:20
PP Forward
1 - 25% - 60% - 0:28
2 - 75% - 40% - 1:22
PP Defense
1 - 93% - 60% - 1:42
2 - 7% - 40% - 0:08
PK Forward
1 - 100% - 60% - 1:59
2 - 0% - 40% - 0:00
PK Defense
1 - 58% - 60% - 1:09
2 - 42% - 40% - 0:50
PK3 Forward
1 - 0% - 60%
2 - 0% - 40%
PK3 Defense
1 - 0% - 60%
2 - 0% - 40%
44 Forward
1 - 74% - 60% - 3:42
2 - 26% - 40% - 1:18
44 Defense
1 - 49% - 60% - 2:28
2 - 51% - 40% - 2:32
Last Minute Offensive - 0:00
Last Minute Defensive - 0:00
Total
Forward - 65:00
Defense - 65:00
|
% Time on Ice - Moose
Lines # - Real PCT - Wanted PCT - Time Play
Normal Forward
1 - 34% - 35% - 19:00
2 - 30% - 30% - 16:44
3 - 20% - 20% - 11:24
4 - 16% - 15% - 9:03
Normal Defense
1 - 37% - 40% - 20:58
2 - 37% - 35% - 20:32
3 - 26% - 25% - 14:41
4 - 0% - 0% - 0:00
PP Forward
1 - 50% - 60% - 0:59
2 - 50% - 40% - 1:00
PP Defense
1 - 57% - 60% - 1:08
2 - 43% - 40% - 0:51
PK Forward
1 - 77% - 60% - 1:25
2 - 23% - 40% - 0:25
PK Defense
1 - 44% - 60% - 0:48
2 - 56% - 40% - 1:02
PK3 Forward
1 - 0% - 60%
2 - 0% - 40%
PK3 Defense
1 - 0% - 60%
2 - 0% - 40%
44 Forward
1 - 75% - 60% - 3:46
2 - 25% - 40% - 1:14
44 Defense
1 - 65% - 60% - 3:15
2 - 35% - 40% - 1:45
Last Minute Offensive - 0:00
Last Minute Defensive - 0:00
Total
Forward - 65:00
Defense - 65:00
|
Play-by-Play
1st period
0:01 of 1st period - Nathan Walker wins face-off versus Anton Gustafsson in neutral zone.
1:32 of 1st period - Snap shot by Nicolas Kerdiles.
1:32 of 1st period - Shot Misses the Net.
1:37 of 1st period - Minor Penalty to Sami Niku for Hooking.
1:38 of 1st period - Anton Gustafsson wins face-off versus Nikolay Goldobin in Moose zone.
1:52 of 1st period - Snap shot by Anton Gustafsson.
1:52 of 1st period - Shot Misses the Net.
1:54 of 1st period - Snap shot by Anton Gustafsson.
1:54 of 1st period - Shot Misses the Net.
2:24 of 1st period - Vladislav Gavrikov is hit by Josh Morrissey and loses puck.
2:59 of 1st period - Snap shot by Blake Geoffrion.
2:59 of 1st period - Stopped by Filip Gustavsson with a rebound.
3:17 of 1st period - Snap shot by Mark McNeill.
3:17 of 1st period - Shot Blocked by Frank Vatrano.
3:19 of 1st period - Snap shot by Mark McNeill.
3:19 of 1st period - Stopped by Filip Gustavsson without a rebound.
3:20 of 1st period - Anton Gustafsson wins face-off versus Miro Aaltonen in Moose zone.
3:23 of 1st period - Wrist shot by Anton Gustafsson.
3:23 of 1st period - Shot Blocked by Erik Cernak.
3:25 of 1st period - Slapshot by Olli Juolevi.
3:25 of 1st period - Shot Blocked by Troy Stetcher.
3:27 of 1st period - Snap shot by Nicolas Kerdiles.
3:27 of 1st period - Goal by Nicolas Kerdiles - Admirals : 1 - Moose : 0.
3:28 of 1st period - Anton Gustafsson wins face-off versus Nathan Walker in neutral zone.
5:00 of 1st period - Off-side.
5:01 of 1st period - Kasper Bjorkqvist wins face-off versus Miro Aaltonen in neutral zone.
5:57 of 1st period - Snap shot by Markus Granlund.
5:57 of 1st period - Stopped by Filip Gustavsson without a rebound.
5:58 of 1st period - Miro Aaltonen wins face-off versus Markus Granlund in Moose zone.
6:07 of 1st period - Blake Geoffrion is hit by Nikolay Goldobin and loses puck.
6:56 of 1st period - Slapshot by Troy Stetcher.
6:56 of 1st period - Shot Hit the Post.
7:14 of 1st period - Slapshot by Freddie Hamilton.
7:14 of 1st period - Stopped by Filip Gustavsson with a rebound.
8:53 of 1st period - Wrist shot by Miro Aaltonen.
8:53 of 1st period - Stopped by Felix Sanstrom with a rebound.
8:55 of 1st period - Slapshot by Ludwig Bystrom.
8:55 of 1st period - Stopped by Felix Sanstrom with a rebound.
8:57 of 1st period - Snap shot by Nikolay Goldobin.
8:57 of 1st period - Stopped by Felix Sanstrom with a rebound.
8:59 of 1st period - Snap shot by Ludwig Bystrom.
8:59 of 1st period - Deflect By Trevor Van Riemsdyk.
8:59 of 1st period - Stopped by Felix Sanstrom without a rebound.
9:00 of 1st period - Joel Armia wins face-off versus Dominik Kahun in Admirals zone.
9:27 of 1st period - Anton Gustafsson is hit by Troy Stetcher and loses puck.
9:54 of 1st period - Markus Granlund is hit by Frank Vatrano and loses puck.
10:11 of 1st period - Snap shot by Blake Geoffrion.
10:11 of 1st period - Shot Misses the Net.
10:13 of 1st period - Slapshot by T.J Brodie.
10:13 of 1st period - Stopped by Filip Gustavsson without a rebound.
10:14 of 1st period - Dominik Kahun wins face-off versus Lucas Wallmark in Moose zone.
10:23 of 1st period - Snap shot by Nathan Walker.
10:23 of 1st period - Stopped by Felix Sanstrom with a rebound.
10:31 of 1st period - Wrist shot by Dominik Kahun.
10:31 of 1st period - Deflect By Josh Morrissey.
10:31 of 1st period - Shot Blocked by Josh Morrissey.
10:31 of 1st period - Puck is out of play.
10:32 of 1st period - Anton Gustafsson wins face-off versus Miro Aaltonen in Admirals zone.
11:11 of 1st period - Nathan Walker is hit by Mark McNeill and loses puck.
11:18 of 1st period - Mark McNeill is hit by Nathan Walker.
11:38 of 1st period - Snap shot by Hunter Shinkaruk.
11:38 of 1st period - Stopped by Filip Gustavsson with a rebound.
11:46 of 1st period - Josh Morrissey is hit by Troy Stetcher and loses puck.
12:05 of 1st period - Snap shot by Michael McLeod.
12:05 of 1st period - Shot Blocked by Josh Morrissey.
12:07 of 1st period - Slapshot by Vladislav Gavrikov.
12:07 of 1st period - Shot Blocked by Josh Morrissey.
12:17 of 1st period - Wrist shot by Michael McLeod.
12:17 of 1st period - Goal by Michael McLeod - Admirals : 1 - Moose : 1.
12:18 of 1st period - Dominik Kahun wins face-off versus Anton Gustafsson in neutral zone.
12:33 of 1st period - Slapshot by Nicolas Kerdiles.
12:33 of 1st period - Shot Blocked by Iiro Pakarinen.
12:43 of 1st period - Nikolay Goldobin is hit by Blake Geoffrion and loses puck.
13:26 of 1st period - Dominik Kahun is hit by Nicolas Kerdiles and loses puck.
13:49 of 1st period - Wrist shot by Jeremy Bracco.
13:49 of 1st period - Shot Blocked by Hunter Shinkaruk.
14:05 of 1st period - Snap shot by Nikolay Goldobin.
14:05 of 1st period - Shot Blocked by Markus Granlund.
14:07 of 1st period - Slapshot by Matthew Benning.
14:07 of 1st period - Deflect By Blake Geoffrion.
14:07 of 1st period - Stopped by Felix Sanstrom with a rebound.
14:09 of 1st period - Snap shot by Nikolay Goldobin.
14:09 of 1st period - Shot Blocked by T.J Brodie.
14:11 of 1st period - Snap shot by Nikolay Goldobin.
14:11 of 1st period - Shot Misses the Net.
14:13 of 1st period - Wrist shot by Nikolay Goldobin.
14:13 of 1st period - Goal by Nikolay Goldobin - Admirals : 1 - Moose : 2.
14:14 of 1st period - Anton Gustafsson wins face-off versus Dominik Kahun in neutral zone.
14:17 of 1st period - Snap shot by Anton Gustafsson.
14:17 of 1st period - Stopped by Filip Gustavsson with a rebound.
14:19 of 1st period - Snap shot by Nicolas Kerdiles.
14:19 of 1st period - Shot Misses the Net.
14:41 of 1st period - Miro Aaltonen is hit by Nicolas Deslauriers and loses puck.
14:50 of 1st period - Wrist shot by Brett Connolly.
14:50 of 1st period - Stopped by Filip Gustavsson with a rebound.
15:08 of 1st period - Wrist shot by Mark McNeill.
15:08 of 1st period - Stopped by Filip Gustavsson with a rebound.
15:25 of 1st period - Off-side.
15:26 of 1st period - Michael McLeod wins face-off versus Anton Gustafsson in neutral zone.
15:31 of 1st period - Slapshot by Troy Stetcher.
15:31 of 1st period - Shot Blocked by Josh Morrissey.
15:53 of 1st period - Troy Stetcher is hit by Markus Granlund and loses puck.
16:02 of 1st period - Snap shot by Mark McNeill.
16:02 of 1st period - Stopped by Filip Gustavsson with a rebound.
16:04 of 1st period - Wrist shot by Mark McNeill.
16:04 of 1st period - Shot Misses the Net.
17:07 of 1st period - Mattias Backman is hit by Matthew Benning.
17:43 of 1st period - Snap shot by Frank Vatrano.
17:43 of 1st period - Deflect By Lucas Wallmark.
17:43 of 1st period - Shot Blocked by Andreas Englund.
17:43 of 1st period - Puck is out of play.
17:44 of 1st period - Nicolas Kerdiles wins face-off versus Miro Aaltonen in Admirals zone.
17:55 of 1st period - Joel Armia is hit by Frank Vatrano and loses puck.
18:15 of 1st period - Snap shot by Nathan Walker.
18:15 of 1st period - Shot Misses the Net.
18:45 of 1st period - Snap shot by Rem Pitlick.
18:45 of 1st period - Shot Misses the Net.
19:40 of 1st period - Snap shot by Nathan Walker.
19:40 of 1st period - Shot Misses the Net.
19:42 of 1st period - Slapshot by Nathan Walker.
19:42 of 1st period - Stopped by Felix Sanstrom without a rebound.
19:43 of 1st period - Anton Gustafsson wins face-off versus Miro Aaltonen in Admirals zone.
19:48 of 1st period - Wrist shot by Anton Gustafsson.
19:48 of 1st period - Shot Misses the Net.
Goals for this period are 1 for Admirals vs 2 for Moose.
Shots for this period are 11 for Admirals vs 9 for Moose.
2nd period
0:01 of 2nd period - Anton Gustafsson wins face-off versus Dominik Kahun in neutral zone.
0:16 of 2nd period - Snap shot by Nicolas Kerdiles.
0:16 of 2nd period - Deflect By Anton Gustafsson.
0:16 of 2nd period - Stopped by Filip Gustavsson with a rebound.
0:26 of 2nd period - Josh Morrissey is hit by Frank Vatrano and loses puck.
1:32 of 2nd period - Wrist shot by Mark McNeill.
1:32 of 2nd period - Stopped by Filip Gustavsson without a rebound.
1:33 of 2nd period - Anton Gustafsson wins face-off versus Dominik Kahun in Moose zone.
1:36 of 2nd period - Wrist shot by Nicolas Kerdiles.
1:36 of 2nd period - Goal by Nicolas Kerdiles - Admirals : 2 - Moose : 2.
1:37 of 2nd period - Nathan Walker wins face-off versus Anton Gustafsson in neutral zone.
1:45 of 2nd period - Wrist shot by Dominik Kahun.
1:45 of 2nd period - Stopped by Felix Sanstrom with a rebound.
2:03 of 2nd period - Mark McNeill is hit by Frank Vatrano and loses puck.
2:54 of 2nd period - Snap shot by Rem Pitlick.
2:54 of 2nd period - Stopped by Felix Sanstrom without a rebound.
2:55 of 2nd period - Dominik Kahun wins face-off versus Anton Gustafsson in Admirals zone.
3:55 of 2nd period - Vladislav Gavrikov is hit by Nicolas Deslauriers.
4:13 of 2nd period - Snap shot by Kasper Bjorkqvist.
4:13 of 2nd period - Stopped by Filip Gustavsson with a rebound.
4:30 of 2nd period - Slapshot by Vladislav Gavrikov.
4:30 of 2nd period - Stopped by Felix Sanstrom without a rebound.
4:31 of 2nd period - Anton Gustafsson wins face-off versus Dominik Kahun in Admirals zone.
4:58 of 2nd period - T.J Brodie is hit by Frank Vatrano and loses puck.
5:03 of 2nd period - Snap shot by Miro Aaltonen.
5:03 of 2nd period - Shot Misses the Net.
5:05 of 2nd period - Snap shot by Frank Vatrano.
5:05 of 2nd period - Stopped by Felix Sanstrom with a rebound.
5:07 of 2nd period - Slapshot by Matthew Benning.
5:07 of 2nd period - Deflect By Blake Geoffrion.
5:07 of 2nd period - Stopped by Felix Sanstrom without a rebound.
5:08 of 2nd period - Miro Aaltonen wins face-off versus Anton Gustafsson in Admirals zone.
5:21 of 2nd period - Wrist shot by Anton Gustafsson.
5:21 of 2nd period - Shot Misses the Net.
5:23 of 2nd period - Slapshot by Josh Morrissey.
5:23 of 2nd period - Goal by Josh Morrissey - Admirals : 3 - Moose : 2.
5:24 of 2nd period - Dominik Kahun wins face-off versus Anton Gustafsson in neutral zone.
5:29 of 2nd period - Slapshot by Dominik Kahun.
5:29 of 2nd period - Stopped by Felix Sanstrom without a rebound.
5:30 of 2nd period - Dominik Kahun wins face-off versus Nicolas Kerdiles in Admirals zone.
5:31 of 2nd period - Wrist shot by Nathan Walker.
5:31 of 2nd period - Shot Blocked by Joel Armia.
5:33 of 2nd period - Slapshot by Vladislav Gavrikov.
5:33 of 2nd period - Deflect By Joel Armia.
5:33 of 2nd period - Stopped by Felix Sanstrom without a rebound.
5:34 of 2nd period - Anton Gustafsson wins face-off versus Dominik Kahun in Admirals zone.
6:18 of 2nd period - Slapshot by Travis Dermott.
6:18 of 2nd period - Deflect By Nicolas Kerdiles.
6:18 of 2nd period - Stopped by Filip Gustavsson with a rebound.
6:26 of 2nd period - Wrist shot by Anton Gustafsson.
6:26 of 2nd period - Stopped by Filip Gustavsson with a rebound.
7:16 of 2nd period - Joel Armia is hit by Nathan Walker and loses puck.
7:35 of 2nd period - Troy Stetcher is hit by Nicolas Kerdiles and loses puck.
8:26 of 2nd period - Snap shot by Travis Dermott.
8:26 of 2nd period - Shot Misses the Net.
8:32 of 2nd period - Nicolas Kerdiles is hit by Dominik Kahun and loses puck.
8:45 of 2nd period - Snap shot by Dominik Kahun.
8:45 of 2nd period - Stopped by Felix Sanstrom without a rebound.
8:46 of 2nd period - Markus Granlund wins face-off versus Miro Aaltonen in Admirals zone.
9:15 of 2nd period - Snap shot by Hunter Shinkaruk.
9:15 of 2nd period - Stopped by Filip Gustavsson with a rebound.
9:17 of 2nd period - Slapshot by Olli Juolevi.
9:17 of 2nd period - Deflect By Hunter Shinkaruk.
9:17 of 2nd period - Stopped by Filip Gustavsson with a rebound.
9:19 of 2nd period - Slapshot by Olli Juolevi.
9:19 of 2nd period - Shot Blocked by Erik Cernak.
9:21 of 2nd period - Wrist shot by Lucas Wallmark.
9:21 of 2nd period - Shot Blocked by Erik Cernak.
9:31 of 2nd period - Snap shot by Jeremy Bracco.
9:31 of 2nd period - Stopped by Felix Sanstrom with a rebound.
9:33 of 2nd period - Snap shot by Michael McLeod.
9:33 of 2nd period - Goal by Michael McLeod - Admirals : 3 - Moose : 3.
9:34 of 2nd period - Miro Aaltonen wins face-off versus Markus Granlund in neutral zone.
10:10 of 2nd period - Snap shot by Rem Pitlick.
10:10 of 2nd period - Deflect By Oskar Lindblom.
10:10 of 2nd period - Stopped by Felix Sanstrom without a rebound.
10:11 of 2nd period - Pierre-Luc Dubois wins face-off versus Markus Granlund in Admirals zone.
10:24 of 2nd period - Snap shot by Markus Granlund.
10:24 of 2nd period - Shot Blocked by Michael McLeod.
10:36 of 2nd period - Lucas Wallmark is hit by Frank Vatrano and loses puck.
10:59 of 2nd period - Wrist shot by Freddie Hamilton.
10:59 of 2nd period - Shot Blocked by Matthew Benning.
11:01 of 2nd period - Wrist shot by Freddie Hamilton.
11:01 of 2nd period - Shot Misses the Net.
11:03 of 2nd period - Wrist shot by Nicolas Deslauriers.
11:03 of 2nd period - Deflect By Brett Connolly.
11:03 of 2nd period - Shot Blocked by Sami Niku.
11:03 of 2nd period - Puck is out of play.
11:04 of 2nd period - Miro Aaltonen wins face-off versus Markus Granlund in Moose zone.
11:59 of 2nd period - Wrist shot by Oskar Lindblom.
11:59 of 2nd period - Shot Misses the Net.
12:01 of 2nd period - Wrist shot by Oskar Lindblom.
12:01 of 2nd period - Shot Misses the Net.
12:33 of 2nd period - Lucas Wallmark is hit by Michael McLeod and loses puck.
13:39 of 2nd period - Slapshot by Michael McLeod.
13:39 of 2nd period - Shot Blocked by T.J Brodie.
13:41 of 2nd period - Slapshot by Ludwig Bystrom.
13:41 of 2nd period - Stopped by Felix Sanstrom with a rebound.
13:43 of 2nd period - Backhand shot by Ludwig Bystrom.
13:43 of 2nd period - Deflect By Jeremy Bracco.
13:43 of 2nd period - Shot Misses the Net.
13:43 of 2nd period - Puck is out of play.
13:44 of 2nd period - Michael McLeod wins face-off versus Markus Granlund in Admirals zone.
14:40 of 2nd period - Slapshot by Nathan Walker.
14:40 of 2nd period - Shot Misses the Net.
15:04 of 2nd period - Slapshot by Troy Stetcher.
15:04 of 2nd period - Shot Blocked by Joel Armia.
15:06 of 2nd period - Snap shot by Oskar Lindblom.
15:06 of 2nd period - Shot Misses the Net.
15:24 of 2nd period - Wrist shot by Mark McNeill.
15:24 of 2nd period - Shot Blocked by Sami Niku.
15:26 of 2nd period - Slapshot by Mark McNeill.
15:26 of 2nd period - Deflect By Markus Granlund.
15:26 of 2nd period - Stopped by Filip Gustavsson with a rebound.
15:48 of 2nd period - Slapshot by Matthew Benning.
15:48 of 2nd period - Deflect By Travis Dermott.
15:48 of 2nd period - Stopped by Felix Sanstrom without a rebound.
15:49 of 2nd period - Blake Geoffrion wins face-off versus Dominik Kahun in Admirals zone.
15:54 of 2nd period - Nathan Walker is hit by Blake Geoffrion and loses puck.
16:37 of 2nd period - Snap shot by Josh Morrissey.
16:37 of 2nd period - Stopped by Filip Gustavsson with a rebound.
16:39 of 2nd period - Slapshot by Travis Dermott.
16:39 of 2nd period - Shot Misses the Net.
16:41 of 2nd period - Snap shot by Lucas Wallmark.
16:41 of 2nd period - Stopped by Filip Gustavsson without a rebound.
16:42 of 2nd period - Lucas Wallmark wins face-off versus Dominik Kahun in Moose zone.
16:59 of 2nd period - Wrist shot by Kasper Bjorkqvist.
16:59 of 2nd period - Shot Misses the Net.
17:29 of 2nd period - Wrist shot by Kasper Bjorkqvist.
17:29 of 2nd period - Goal by Kasper Bjorkqvist - Admirals : 4 - Moose : 3.
17:30 of 2nd period - Markus Granlund wins face-off versus Miro Aaltonen in neutral zone.
17:37 of 2nd period - Markus Granlund is hit by Frank Vatrano and loses puck.
17:55 of 2nd period - Erik Cernak is hit by Nicolas Kerdiles and loses puck.
19:16 of 2nd period - Frank Vatrano is hit by Nicolas Kerdiles and loses puck.
Goals for this period are 3 for Admirals vs 1 for Moose.
Shots for this period are 13 for Admirals vs 13 for Moose.
3rd period
0:01 of 3rd period - Anton Gustafsson wins face-off versus Frank Vatrano in neutral zone.
0:04 of 3rd period - Slapshot by Josh Morrissey.
0:04 of 3rd period - Stopped by Filip Gustavsson with a rebound.
0:06 of 3rd period - Snap shot by Joel Armia.
0:06 of 3rd period - Shot Misses the Net.
0:12 of 3rd period - Slapshot by Nicolas Kerdiles.
0:12 of 3rd period - Stopped by Filip Gustavsson with a rebound.
0:37 of 3rd period - Slapshot by Iiro Pakarinen.
0:37 of 3rd period - Stopped by Felix Sanstrom with a rebound.
0:57 of 3rd period - Wrist shot by Freddie Hamilton.
0:57 of 3rd period - Stopped by Filip Gustavsson without a rebound.
0:58 of 3rd period - Miro Aaltonen wins face-off versus Anton Gustafsson in Moose zone.
1:01 of 3rd period - Snap shot by Anton Gustafsson.
1:01 of 3rd period - Stopped by Filip Gustavsson without a rebound.
1:02 of 3rd period - Miro Aaltonen wins face-off versus Anton Gustafsson in Moose zone.
1:02 of 3rd period - Miro Aaltonen is hit by Nicolas Kerdiles.
1:12 of 3rd period - Wrist shot by Nicolas Kerdiles.
1:12 of 3rd period - Stopped by Filip Gustavsson without a rebound.
1:13 of 3rd period - Miro Aaltonen wins face-off versus Anton Gustafsson in Moose zone.
1:22 of 3rd period - Wrist shot by Miro Aaltonen.
1:22 of 3rd period - Shot Misses the Net.
1:24 of 3rd period - Snap shot by Frank Vatrano.
1:24 of 3rd period - Shot Blocked by Anton Gustafsson.
1:26 of 3rd period - Slapshot by Frank Vatrano.
1:26 of 3rd period - Shot Blocked by Mattias Backman.
1:28 of 3rd period - Backhand shot by Ludwig Bystrom.
1:28 of 3rd period - Shot Misses the Net.
1:38 of 3rd period - Nicolas Kerdiles is hit by Erik Cernak and loses puck.
1:43 of 3rd period - Snap shot by Rem Pitlick.
1:43 of 3rd period - Stopped by Felix Sanstrom with a rebound.
1:45 of 3rd period - Backhand shot by Ludwig Bystrom.
1:45 of 3rd period - Shot Misses the Net.
2:14 of 3rd period - Slapshot by Blake Geoffrion.
2:14 of 3rd period - Shot Hit the Post.
2:24 of 3rd period - Snap shot by Vladislav Gavrikov.
2:24 of 3rd period - Stopped by Felix Sanstrom with a rebound.
2:26 of 3rd period - Snap shot by Pierre-Luc Dubois.
2:26 of 3rd period - Stopped by Felix Sanstrom without a rebound.
2:27 of 3rd period - Kasper Bjorkqvist wins face-off versus Michael McLeod in Admirals zone.
2:34 of 3rd period - Slapshot by Josh Morrissey.
2:34 of 3rd period - Shot Misses the Net.
3:15 of 3rd period - Nikolay Goldobin is hit by Mark McNeill and loses puck.
3:46 of 3rd period - Snap shot by Nicolas Kerdiles.
3:46 of 3rd period - Shot Misses the Net.
3:48 of 3rd period - Slapshot by Josh Morrissey.
3:48 of 3rd period - Stopped by Filip Gustavsson with a rebound.
4:08 of 3rd period - Wrist shot by Michael McLeod.
4:08 of 3rd period - Stopped by Felix Sanstrom with a rebound.
4:24 of 3rd period - Wrist shot by Mark McNeill.
4:24 of 3rd period - Stopped by Filip Gustavsson with a rebound.
4:48 of 3rd period - Snap shot by Anton Gustafsson.
4:48 of 3rd period - Stopped by Filip Gustavsson with a rebound.
4:50 of 3rd period - Snap shot by Josh Morrissey.
4:50 of 3rd period - Stopped by Filip Gustavsson with a rebound.
4:52 of 3rd period - Snap shot by Nicolas Kerdiles.
4:52 of 3rd period - Shot Blocked by Troy Stetcher.
5:44 of 3rd period - Snap shot by Nicolas Kerdiles.
5:44 of 3rd period - Deflect By Joel Armia.
5:44 of 3rd period - Stopped by Filip Gustavsson with a rebound.
6:12 of 3rd period - Oskar Lindblom is hit by Lucas Wallmark and loses puck.
6:21 of 3rd period - Kasper Bjorkqvist is hit by Carl Grundstrom and loses puck.
6:57 of 3rd period - Kasper Bjorkqvist is hit by Matthew Benning and loses puck.
7:04 of 3rd period - Pierre-Luc Dubois is hit by Kasper Bjorkqvist and loses puck.
7:19 of 3rd period - Josh Morrissey is hit by Frank Vatrano and loses puck.
7:28 of 3rd period - Frank Vatrano is hit by Travis Dermott and loses puck.
8:07 of 3rd period - Wrist shot by Nathan Walker.
8:07 of 3rd period - Deflect By Blake Geoffrion.
8:07 of 3rd period - Shot Misses the Net.
8:07 of 3rd period - Puck is out of play.
8:08 of 3rd period - Markus Granlund wins face-off versus Dominik Kahun in Admirals zone.
8:08 of 3rd period - Markus Granlund is hit by Iiro Pakarinen.
8:14 of 3rd period - Slapshot by Nathan Walker.
8:14 of 3rd period - Shot Misses the Net.
8:16 of 3rd period - Wrist shot by Nathan Walker.
8:16 of 3rd period - Shot Misses the Net.
8:18 of 3rd period - Snap shot by Nathan Walker.
8:18 of 3rd period - Stopped by Felix Sanstrom with a rebound.
9:18 of 3rd period - Wrist shot by Miro Aaltonen.
9:18 of 3rd period - Stopped by Felix Sanstrom with a rebound.
10:17 of 3rd period - Off-side.
10:18 of 3rd period - Anton Gustafsson wins face-off versus Frank Vatrano in neutral zone.
10:37 of 3rd period - Wrist shot by Frank Vatrano.
10:37 of 3rd period - Stopped by Felix Sanstrom with a rebound.
11:42 of 3rd period - Icing by Ludwig Bystrom.
11:43 of 3rd period - Dominik Kahun wins face-off versus Lucas Wallmark in Moose zone.
11:43 of 3rd period - Dominik Kahun is hit by Josh Morrissey.
11:57 of 3rd period - Wrist shot by Jeremy Bracco.
11:57 of 3rd period - Goal by Jeremy Bracco - Admirals : 4 - Moose : 4.
11:58 of 3rd period - Miro Aaltonen wins face-off versus Anton Gustafsson in neutral zone.
12:33 of 3rd period - Josh Morrissey is hit by Frank Vatrano and loses puck.
12:38 of 3rd period - Wrist shot by Miro Aaltonen.
12:38 of 3rd period - Deflect By Freddie Hamilton.
12:38 of 3rd period - Shot Misses the Net.
12:38 of 3rd period - Puck is out of play.
12:39 of 3rd period - Dominik Kahun wins face-off versus Anton Gustafsson in Admirals zone.
14:05 of 3rd period - Snap shot by Nathan Walker.
14:05 of 3rd period - Stopped by Felix Sanstrom with a rebound.
14:07 of 3rd period - Slapshot by Erik Cernak.
14:07 of 3rd period - Stopped by Felix Sanstrom with a rebound.
14:09 of 3rd period - Slapshot by Erik Cernak.
14:09 of 3rd period - Deflect By Nathan Walker.
14:09 of 3rd period - Shot Misses the Net.
14:09 of 3rd period - Puck is out of play.
14:10 of 3rd period - Anton Gustafsson wins face-off versus Dominik Kahun in Admirals zone.
14:35 of 3rd period - Markus Granlund is hit by Frank Vatrano and loses puck.
14:44 of 3rd period - Snap shot by Miro Aaltonen.
14:44 of 3rd period - Deflect By Travis Dermott.
14:44 of 3rd period - Shot Blocked by Travis Dermott.
14:44 of 3rd period - Puck is out of play.
14:45 of 3rd period - Dominik Kahun wins face-off versus Anton Gustafsson in Admirals zone.
15:08 of 3rd period - Minor Penalty to Nicolas Kerdiles for Holding.
15:09 of 3rd period - Markus Granlund wins face-off versus Miro Aaltonen in Admirals zone.
17:08 of 3rd period - Penalty to Nicolas Kerdiles is over, Nicolas Kerdiles is back on ice.
17:33 of 3rd period - Snap shot by Oskar Lindblom.
17:33 of 3rd period - Shot Misses the Net.
Goals for this period are 0 for Admirals vs 1 for Moose.
Shots for this period are 10 for Admirals vs 11 for Moose.
Overtime #1
0:01 of 1st overtime period - Markus Granlund wins face-off versus Dominik Kahun in neutral zone.
1:21 of 1st overtime period - Josh Morrissey is hit by Frank Vatrano and loses puck.
1:48 of 1st overtime period - Snap shot by Miro Aaltonen.
1:48 of 1st overtime period - Shot Hit the Post.
1:50 of 1st overtime period - Backhand shot by Matthew Benning.
1:50 of 1st overtime period - Shot Blocked by T.J Brodie.
1:52 of 1st overtime period - Wrist shot by Ludwig Bystrom.
1:52 of 1st overtime period - Stopped by Felix Sanstrom without a rebound.
1:53 of 1st overtime period - Miro Aaltonen wins face-off versus Markus Granlund in Admirals zone.
1:54 of 1st overtime period - Snap shot by Nathan Walker.
1:54 of 1st overtime period - Deflect By Miro Aaltonen.
1:54 of 1st overtime period - Stopped by Felix Sanstrom with a rebound.
2:06 of 1st overtime period - Travis Dermott is hit by Iiro Pakarinen and loses puck.
2:46 of 1st overtime period - Dominik Kahun is hit by T.J Brodie and loses puck.
2:53 of 1st overtime period - Snap shot by Nicolas Deslauriers.
2:53 of 1st overtime period - Stopped by Filip Gustavsson with a rebound.
2:55 of 1st overtime period - Slapshot by Josh Morrissey.
2:55 of 1st overtime period - Shot Misses the Net.
2:57 of 1st overtime period - Slapshot by Christian Djoos.
2:57 of 1st overtime period - Shot Misses the Net.
3:18 of 1st overtime period - Off-side.
3:19 of 1st overtime period - Anton Gustafsson wins face-off versus Pierre-Luc Dubois in neutral zone.
3:28 of 1st overtime period - Frank Vatrano is hit by Travis Dermott and loses puck.
3:35 of 1st overtime period - Wrist shot by Joel Armia.
3:35 of 1st overtime period - Stopped by Filip Gustavsson with a rebound.
4:37 of 1st overtime period - T.J Brodie is hit by Erik Cernak and loses puck.
Goals for this period are 0 for Admirals vs 0 for Moose.
Shots for this period are 2 for Admirals vs 2 for Moose.
ShootOut
5:00 of 1st overtime period - Round #1.
5:00 of 1st overtime period - Admirals, Anton Gustafsson.
5:00 of 1st overtime period - Backhand shot by Anton Gustafsson.
5:00 of 1st overtime period - Shot Misses the Net.
5:00 of 1st overtime period - Moose, Nikolay Goldobin.
5:00 of 1st overtime period - Snap shot by Nikolay Goldobin.
5:00 of 1st overtime period - Stopped by Felix Sanstrom.
5:00 of 1st overtime period - Round #2.
5:00 of 1st overtime period - Admirals, Nicolas Kerdiles.
5:00 of 1st overtime period - Snap shot by Nicolas Kerdiles.
5:00 of 1st overtime period - Stopped by Filip Gustavsson.
5:00 of 1st overtime period - Moose, Miro Aaltonen.
5:00 of 1st overtime period - Deke by Miro Aaltonen.
5:00 of 1st overtime period - Shot Misses the Net.
5:00 of 1st overtime period - Round #3.
5:00 of 1st overtime period - Admirals, Blake Geoffrion.
5:00 of 1st overtime period - Snap shot by Blake Geoffrion.
5:00 of 1st overtime period - Stopped by Filip Gustavsson.
5:00 of 1st overtime period - Moose, Michael McLeod.
5:00 of 1st overtime period - Wrist shot by Michael McLeod.
5:00 of 1st overtime period - Goal by Michael McLeod.